Map: Goldenaura LE

Players

Eleven

  • Race: Terran Terran
  • League: Master
  • Spawn Location: 5:00

kenO - Winner!

  • Race: Protoss Protoss
  • League: Diamond
  • Spawn Location: 12:00

VOD

Have the link to the VOD?

Description

3 gate blink

Time

  • Played on: May 16, 2024, 3:45 a.m.
  • Length: 11:01
Show
View Real Time Build Order
Export as new Build Order

Eleven Terran 

Build Orders: Reaper Expand 

Get SALT Encoding   

  12  0:00  SCV  
  13  0:12  SCV  
  14  0:17  Supply Depot  
  14  0:25  SCV  
  15  0:38  SCV  
  15  0:39  Barracks  
  16  0:43  Refinery  
  16  0:50  SCV  
  17  1:02  SCV  
  18  1:15  SCV  
  19  1:27  Reaper  
  19  1:28  Orbital Command  
  19  1:45  Command Center  
  19  1:55  Supply Depot  
  19  1:58  SCV  
  19  2:01  Marine  
  21  2:10  SCV  
  22  2:16  Factory  
  22  2:22  SCV  
  23  2:23  Barracks Reactor  
  23  2:33  Refinery  
  23  2:34  SCV  
  24  2:40  Bunker  
  24  2:46  SCV  
  25  2:56  Orbital Command  
  24  3:01  Cyclone  
  24  3:02  SCV  
  26  3:08  Marine x2  
  26  3:22  SCV x2  
  26  3:26  Marine x2  
  28  3:34  SCV  
  29  3:43  SCV  
  29  3:44  Marine x2  
  29  3:46  SCV  
  32  3:49  Cyclone  
  32  3:53  Starport  
  34  3:57  SCV  
  34  3:58  SCV  
  37  4:10  SCV, Marine x2  
  37  4:11  SCV  
  37  4:14  Supply Depot  
  40  4:23  Factory Tech Lab  
  40  4:29  SCV x2  
  40  4:30  Barracks, Medivac, Marine x2  
  46  4:41  SCV x2  
  46  4:43  Engineering Bay  
  48  4:46  Siege Tank  
  48  4:47  Supply Depot  
  51  4:52  Marine  
  51  4:53  Supply Depot, Marine  
  51  4:56  SCV  
  54  5:05  Starport Tech Lab  
  54  5:09  Barracks, SCV x2  
  50  5:21  SCV  
  51  5:23  Marine x2  
  51  5:35  Siege Tank  
  53  5:36  Raven  
  53  5:37  Barracks Tech Lab  
  53  5:38  Terran Infantry Weapons Level 1  
  53  5:40  Marine  
  55  5:45  Refinery  
  55  5:51  SCV x2  
  55  5:55  Marine  
  55  5:56  Refinery  
  52  6:16  Siege Tank  
  52  6:18  Marine x2  
  49  6:19  SCV x2  
  49  6:20  Marauder  
  49  6:25  Barracks, Starport Reactor  
  54  6:33  SCV x2  
  54  6:35  Stimpack  
  54  6:39  Command Center  
  56  6:45  SCV x2  
  54  6:55  Marauder, Marine  
  57  7:03  Siege Tank  
  57  7:04  SCV x2  
  62  7:14  Supply Depot  
  62  7:15  Supply Depot  
  62  7:16  SCV x2  
  62  7:21  Marauder x2, Marine  
  62  7:22  Marine  
  70  7:23  Combat Shield  
  70  7:35  SCV x2  
  66  7:44  Medivac  
  72  7:45  Marauder x2, Marine x2  
  72  7:47  SCV  
  79  7:59  Orbital Command  
  79  8:01  SCV x2  
  79  8:03  Terran Infantry Armor Level 1  
  79  8:04  Medivac  
  79  8:05  Marine  
  84  8:12  Factory Reactor  
  84  8:17  Barracks  
  84  8:24  Marauder x2, Marine x2  
  84  8:26  SCV x3  
  93  8:34  Supply Depot  
  93  8:36  Supply Depot  
  92  8:42  Medivac  
  92  8:43  Medivac  
  92  8:46  Marauder x2  
  92  8:47  Concussive Shells  
  100  8:51  Armory  
  99  9:10  SCV x2  
  99  9:11  Orbital Command  
  99  9:22  SCV x2  
  99  9:23  Marauder x2, Marine  
  99  9:24  Marauder, Marine  
  103  9:25  Medivac  
  103  9:31  Widow Mine x2  
  109  9:34  SCV x2  
  109  9:35  Viking  
  109  9:37  SCV  
  112  9:43  Engineering Bay  
  112  9:46  SCV x2  
  112  9:47  Missile Turret  
  112  9:50  Marauder, Marine  
  112  9:51  Missile Turret  
  117  9:56  Supply Depot  
  117  9:57  Supply Depot  
  117  10:12  Supply Depot  
  117  10:13  Supply Depot  
  117  10:14  Supply Depot x2  
  117  10:17  Marine  
  117  10:18  SCV x3, Marauder x2  
  125  10:25  Refinery  
  125  10:26  Refinery  
  125  10:27  Starport Reactor  
  125  10:29  Widow Mine x2  
  125  10:30  SCV x3  
  125  10:33  Barracks  
  125  10:35  Barracks  
  129  10:36  Barracks  
  129  10:42  SCV  
Show
View Real Time Build Order
Export as new Build Order

kenO Protoss - Winner!

Build Orders: Blink Stalkers 

Get SALT Encoding   

  12  0:00  Probe  
  13  0:12  Probe  
  14  0:17  Pylon  
  14  0:24  Probe (Chrono Boost)  
  15  0:36  Probe (Chrono Boost)  
  15  0:37  Gateway  
  16  0:44  Probe (Chrono Boost)  
  16  0:45  Assimilator  
  17  0:51  Probe  
  18  1:03  Probe  
  19  1:15  Probe  
  20  1:24  Cybernetics Core, Zealot  
  22  1:42  Pylon  
  22  1:47  Probe  
  23  1:57  Nexus  
  23  1:58  Adept (Chrono Boost)  
  25  2:01  Warp Gate  
  25  2:02  Probe  
  26  2:10  Assimilator  
  26  2:14  Probe  
  27  2:26  Probe  
  28  2:33  Twilight Council  
  28  2:34  Adept (Chrono Boost)  
  28  2:38  Probe  
  29  2:51  Probe  
  30  3:03  Blink (Chrono Boost)  
  30  3:05  Probe (Chrono Boost)  
  31  3:11  Probe (Chrono Boost)  
  34  3:20  Probe x2 (Chrono Boost), Gateway  
  34  3:25  Probe (Chrono Boost)  
  34  3:27  Probe  
  35  3:37  Probe  
  35  3:39  Probe  
  35  3:40  Robotics Facility  
  37  3:47  Gateway  
  35  3:49  Probe  
  35  3:51  Probe  
  35  3:54  Pylon  
  35  3:55  Stalker  
  39  4:01  Probe  
  40  4:05  Probe  
  41  4:13  Probe  
  41  4:15  Stalker  
  44  4:18  Stalker, Probe  
  44  4:22  Pylon  
  47  4:25  Warp Prism (Chrono Boost)  
  49  4:38  Stalker  
  49  4:40  Pylon  
  49  4:41  Stalker  
  49  4:43  Stalker  
  55  4:58  Nexus  
  55  5:01  Stalker  
  55  5:05  Stalker  
  59  5:13  Probe x2  
  61  5:15  Assimilator  
  61  5:21  Stalker  
  61  5:27  Probe x2  
  59  5:39  Probe  
  59  5:40  Gateway  
  59  5:41  Stalker x2  
  59  5:42  Gateway  
  64  5:44  Stalker  
  64  5:47  Probe  
  67  5:52  Robotics Bay  
  67  5:54  Observer (Chrono Boost)  
  60  6:20  Immortal (Chrono Boost)  
  60  6:24  Probe (Chrono Boost)  
  60  6:25  Probe (Chrono Boost)  
  62  6:26  Stalker x3  
  62  6:28  Probe (Chrono Boost)  
  69  6:37  Charge  
  69  6:38  Probe (Chrono Boost), Assimilator  
  69  6:39  Probe x2 (Chrono Boost)  
  72  6:40  Zealot x2  
  78  6:47  Probe x2 (Chrono Boost)  
  78  6:52  Probe (Chrono Boost)  
  77  7:00  Shield Battery  
  79  7:03  Probe (Chrono Boost)  
  79  7:04  Probe x2 (Chrono Boost)  
  80  7:10  Pylon  
  80  7:11  Probe x2 (Chrono Boost)  
  80  7:13  Gateway  
  82  7:15  Forge  
  82  7:16  Pylon  
  82  7:19  Probe  
  82  7:20  Extended Thermal Lance (Chrono Boost)  
  83  7:22  Probe  
  83  7:23  Probe  
  83  7:25  Colossus (Chrono Boost)  
  83  7:27  Pylon  
  83  7:28  Zealot  
  93  7:34  Pylon, Probe, Zealot x3  
  93  7:37  Probe  
  101  7:43  Pylon, Shield Battery  
  101  7:48  Protoss Ground Weapons Level 1 (Chrono Boost)  
  101  7:54  Stalker x3  
  101  7:55  Gateway  
  107  8:02  Nexus  
  107  8:04  Probe  
  108  8:09  Colossus (Chrono Boost)  
  108  8:12  Probe  
  115  8:14  Assimilator  
  115  8:16  Assimilator  
  115  8:19  Templar Archives  
  115  8:23  Stalker  
  115  8:24  Zealot x2  
  115  8:26  Probe  
  122  8:31  Probe x2  
  124  8:39  Pylon  
  124  8:42  Gateway  
  124  8:47  Pylon, Probe  
  125  8:51  Pylon  
  125  8:54  Pylon  
  125  8:55  Colossus (Chrono Boost)  
  125  8:57  Probe x2  
  125  9:01  Pylon x2  
  133  9:04  Probe  
  130  9:15  Zealot x4  
  130  9:16  Zealot x3  
  136  9:19  Probe x2  
  126  9:37  Colossus (Chrono Boost), High Templar x4  
  130  9:38  Stalker  
  130  9:39  Stalker x2  
  130  9:40  Archon  
  130  9:41  Archon  
  130  9:45  Probe x4  
  140  9:54  Shield Battery  
  140  9:55  Photon Cannon  
  140  9:57  Probe, Zealot  
  143  10:04  Robotics Facility  
  143  10:05  Dark Shrine  
  141  10:08  Stalker  
  141  10:09  Stalker x4  
  151  10:18  Probe x3 (Chrono Boost), Gateway  
  151  10:19  Probe (Chrono Boost)  
  155  10:24  Zealot x2  
  155  10:25  Zealot  
  161  10:35  Probe (Chrono Boost)  
  161  10:36  Probe (Chrono Boost)  
  161  10:41  Pylon  
  153  10:47  Zealot x2  
  142  10:50  Zealot x6  
Tags
 
Add a new tag
Caveats
  • Supply blocks, unpowered buildings, or Contaminate may cause inaccurate times.
  • Supply counts are checked every 10 seconds.